Thunderbirds vs Bears
Created - January 26, 2022 at 19:02
Goals
|
| Thunderbirds |
3 |
4 |
1 |
0 |
2 |
9 |
| Bears |
2 |
4 |
2 |
0 |
0 |
8 |
|
Shots
|
| Thunderbirds |
16 |
18 |
9 |
0 |
2 |
43 |
| Bears |
9 |
22 |
10 |
0 |
2 |
41 |
|
1st period
1. Thunderbirds , Jerry D'Amigo 4 (Quinton Howden 11) at 5:45 (PP)
2. Thunderbirds , Elias Lindholm 7 (Tom Kuhnhackl 8, John Draeger 7) at 12:21
3. Bears , Jamie McGinn 8 (Jake Virtanen 13, Zach Stepan 14) at 16:02 (PP)
4. Bears , Jake Virtanen 13 (Brendan Perlini 4, Taylor Aronson 9) at 18:15
5. Thunderbirds , Jerry D'Amigo 5 (Quinton Howden 12, Valentin Zykov 10) at 19:32
Penalties :
Derek Forbort (Her) for Interference (Minor) at 5:42, Valentin Zykov (Spr) for Hooking (Minor) at 9:30, Viktor Baldayev (Spr) for Roughing (Minor) at 15:31
2nd period
6. Bears , Jamie McGinn 9 (Jake Virtanen 14, Zach Stepan 15) at 5:05
7. Bears , Jamie McGinn 10 (Zach Stepan 16, Jake Virtanen 15) at 5:43
8. Thunderbirds , Jerry D'Amigo 6 (Quinton Howden 13, Valentin Zykov 11) at 5:59
9. Thunderbirds , Kirill Kaprizov 6 (Griffin Reinhart 15, Tom Kuhnhackl 9) at 8:30
10. Bears , Mike Hoffman 11 (Nick Schmaltz 5) at 8:42
11. Thunderbirds , John Draeger 2 (Niklas Hansson 14, Valentin Zykov 12) at 16:16 (PP)
12. Bears , Jake Virtanen 14 (Joey Laleggia 15, Michael Prapavessis 3) at 17:34
13. Thunderbirds , Kirill Kaprizov 7 (Niklas Hansson 15, Griffin Reinhart 16) at 18:05
Penalties :
Austin Wuthrich (Her) for Hooking (Minor) at 16:00
3rd period
14. Bears , Mike Hoffman 12 (Nick Schmaltz 6, Angelo Esposito 19) at 2:57 (PP)
15. Bears , Joey Laleggia 4 (Mike Hoffman 15, Angelo Esposito 20) at 8:17
16. Thunderbirds , Valentin Zykov 16 (Quinton Howden 14) at 8:25
Penalties :
Quinton Howden (Spr) for Hooking (Minor) at 1:39, Mitchell Heard (Spr) for Tripping (Minor) at 15:07
Overtime #1
No Goal
Penalties :
No Penalty
Shootout
Thunderbirds, Tanner Laczynski - Goal!
Bears, Nick Schmaltz - Stopped by Carter Hutton
Thunderbirds, Tom Kuhnhackl - Goal!
Bears, Jake Virtanen - Stopped by Carter Hutton
Penalties :
No Penalty
Goalie Stats
Carter Hutton (Spr), 33 saves from 41 shots - (0.805), W, 7-2-2, 65:00 minutes
Jake Allen (Her), 35 saves from 43 shots - (0.814), OTL, 7-9-1, 65:00 minutes
Players Stats for Thunderbirds
Player Name G A P +/- PIM S H SB GA TA FO MP PP MP PK MP
------------------------------------------------------------------------------------
Austin Poganski 0 0 0 0 0 0 0 0 0 0 0/0 0:00 0:00 0:00
Clayton Keller 0 0 0 -1 0 0 0 0 0 0 0/0 9:26 0:00 0:00
Elias Lindholm 1 0 1 2 0 3 0 0 0 0 5/9 19:55 0:00 2:13
Griffin Reinhart 0 2 2 2 0 5 0 3 3 0 0/0 29:29 0:16 4:17
Hudson Fasching 0 0 0 -1 0 0 1 0 0 0 0/0 10:24 0:00 0:00
Jake Walman 0 0 0 0 0 0 0 0 0 1 0/0 14:50 0:00 0:00
Jerry D'Amigo 3 0 3 0 0 3 1 1 0 0 1/3 23:10 0:19 3:44
John Draeger 1 1 2 -2 0 5 2 2 2 1 0/0 20:52 0:03 1:30
Keaton Thompson 0 0 0 0 0 0 0 2 0 1 0/0 14:34 0:00 0:00
Kirill Kaprizov 2 0 2 1 0 8 1 0 0 0 1/3 18:16 0:00 1:36
Matt Puempel 0 0 0 -1 0 0 2 0 1 0 0/0 12:19 0:00 0:15
Mitchell Heard 0 0 0 -1 2 0 0 2 0 2 4/6 11:28 0:00 0:00
Niklas Hansson 0 2 2 2 0 4 1 1 0 1 0/0 29:34 0:16 4:17
Quinton Howden 0 4 4 0 2 4 1 0 4 1 21/41 23:43 0:19 2:31
Roberts Lipsbergs 0 0 0 -1 0 0 1 0 0 0 0/0 7:58 0:00 0:00
Tanner Laczynski 0 0 0 -1 0 2 1 0 0 1 1/2 7:51 0:00 0:00
Tom Kuhnhackl 0 2 2 2 0 3 3 0 0 1 0/0 17:22 0:00 1:15
Valentin Zykov 1 3 4 1 2 5 0 0 5 0 2/4 22:18 0:19 0:00
Viktor Baldayev 0 0 0 -2 2 1 1 0 0 0 0/0 20:40 0:03 1:30
Players Stats for Bears
Player Name G A P +/- PIM S H SB GA TA FO MP PP MP PK MP
------------------------------------------------------------------------------------
Angelo Esposito 0 2 2 -1 0 1 1 1 0 1 20/43 21:43 3:37 0:00
Austin Wuthrich 0 0 0 -2 2 0 1 1 0 0 0/0 10:50 0:00 0:00
Brendan Perlini 0 1 1 -2 0 2 1 0 0 1 0/0 12:48 0:00 0:00
Brett Bulmer 0 0 0 0 0 0 0 0 0 0 0/0 2:06 0:00 0:00
Caleb Jones 0 0 0 0 0 0 0 0 0 0 0/0 0:55 0:00 0:00
Colby Cave 0 0 0 0 0 0 1 0 0 0 0/0 9:01 0:00 0:00
Colton Sceviour 0 0 0 0 0 1 0 0 0 0 0/0 9:01 0:00 0:00
Derek Forbort 0 0 0 1 2 0 1 2 1 3 0/0 20:04 2:00 0:00
Emil Johansson 0 0 0 0 0 0 0 0 0 0 0/0 5:19 0:00 0:00
Gianluca Curcuruto 0 0 0 2 0 0 0 0 0 0 0/0 11:21 0:00 0:00
Jake Virtanen 2 3 5 3 0 7 2 0 1 1 0/1 19:33 2:10 0:19
Jamie McGinn 3 0 3 3 0 9 2 0 0 0 0/1 18:55 2:10 0:00
Joey Laleggia 1 1 2 -3 0 2 0 3 1 1 0/0 27:21 3:47 0:19
Logan O'Connor 0 0 0 0 0 0 0 0 0 0 1/1 2:03 0:00 0:00
Michael Prapavessis 0 1 1 0 0 0 0 0 0 0 0/0 5:19 0:00 0:00
Mike Hoffman 2 1 3 -1 0 6 2 0 2 1 2/2 22:42 3:37 0:00
Mikko Vainonen 0 0 0 1 0 2 0 2 1 0 0/0 20:05 2:00 0:00
Nick Schmaltz 0 2 2 -1 0 6 1 1 1 2 1/3 23:39 3:37 0:19
Nikolay Prokhorkin 0 0 0 0 0 0 0 0 1 1 0/0 9:01 0:00 0:00
Ryan Graves 0 0 0 0 0 0 0 0 0 0 0/0 0:54 0:00 0:00
Taylor Aronson 0 1 1 -3 0 1 3 0 0 4 0/0 27:41 3:47 0:19
Tommy Vannelli 0 0 0 2 0 0 0 0 0 0 0/0 11:00 0:00 0:00
Trent Frederic 0 0 0 -2 0 0 0 0 0 0 2/7 10:51 0:00 0:00
Zach Stepan 0 3 3 3 0 4 1 0 1 0 7/10 17:27 2:10 0:00
3 Stars
1 - Jake Virtanen (Her)
2 - Jamie McGinn (Her)
3 - Jerry D'Amigo (Spr)
Power Play
Thunderbirds - 2 on 2 Attempt(s) - 100.00%
Bears - 2 on 4 Attempt(s) - 50.00%
Penalty Kill
Thunderbirds - 2 on 4 Attempt(s) - 50.00%
- Score 0 goal in Penalty Kill
Bears - 0 on 2 Attempt(s) - 0.00%
- Score 0 goal in Penalty Kill
Team Stat
Thunderbirds - Hits : 15 - Faceoff Wins : 35 - Blocked Shots : 11 - Penalty Minutes : 8
Bears - Hits : 16 - Faceoff Wins : 33 - Blocked Shots : 10 - Penalty Minutes : 4
Official
Referees : Kendrick Nicholson and Corey Syvret
Linesman : Tony Sericolo and Jesse Marquis
Game Notes
Jamie McGinn has scored a Hat Trick!
Jerry D'Amigo has scored a Hat Trick!
Finance
Level 1 -- Attendance: 1876 (93.80%) -- Ticket Income $65,660
Level 2 -- Attendance: 864 (86.40%) -- Ticket Income $12,960
Total Attendance: 2740 (91.33%)
Total Ticket Income: $78,620
Other Income: $3,931
Total Income: $82,551
Thunderbirds
5 vs 5 Forward
Center Left Wing Right Wing Time % Phy DF OF
1 Quinton Howden Valentin Zykov Jerry D'Amigo 40 0 2 3
2 Elias Lindholm Kirill Kaprizov Tom Kuhnhackl 30 0 2 3
3 Mitchell Heard Matt Puempel Hudson Fasching 20 1 2 2
4 Tanner Laczynski Roberts Lipsbergs Clayton Keller 10 0 2 3
5 vs 5 Defense
Defense Defense Time % Phy DF OF
1 Griffin Reinhart Niklas Hansson 40 0 2 3
2 Viktor Baldayev John Draeger 30 1 2 2
3 Keaton Thompson Jake Walman 20 1 2 2
4 Griffin Reinhart Niklas Hansson 10 0 2 3
PowerPlay Forward
Center Left Wing Right Wing Time % Phy DF OF
1 Quinton Howden Valentin Zykov Jerry D'Amigo 60 0 1 4
2 Elias Lindholm Kirill Kaprizov Tom Kuhnhackl 40 0 1 4
PowerPlay Defense
Defense Defense Time % Phy DF OF
1 Griffin Reinhart Niklas Hansson 60 0 2 3
2 Viktor Baldayev John Draeger 40 0 2 3
Penalty Kill 4 Players Forward
Center Wing Time % Phy DF OF
1 Quinton Howden Jerry D'Amigo 60 1 3 1
2 Elias Lindholm Tom Kuhnhackl 40 1 3 1
Penalty Kill 4 Players Defense
Defense Defense Time % Phy DF OF
1 Griffin Reinhart Niklas Hansson 60 1 4 0
2 Viktor Baldayev John Draeger 40 1 4 0
Penalty Kill - 3 Players Forward
Forward Time % Phy DF OF
1 Quinton Howden 60 1 3 1
2 Jerry D'Amigo 40 1 3 1
Penalty Kill - 3 Players Defense
Defense Defense Time % Phy DF OF
1 Griffin Reinhart Niklas Hansson 60 1 4 0
2 Viktor Baldayev John Draeger 40 1 4 0
4 vs 4 Forward
Center Wing Time % Phy DF OF
1 Quinton Howden Valentin Zykov 60 0 2 3
2 Elias Lindholm Kirill Kaprizov 40 0 2 3
4 vs 4 Defense
Defense Defense Time % Phy DF OF
1 Griffin Reinhart Niklas Hansson 60 0 2 3
2 Viktor Baldayev John Draeger 40 0 2 3
Last Minutes Offensive
Center Left Wing Right Wing Defense Defense
Quinton Howden Valentin Zykov Jerry D'Amigo Griffin Reinhart Niklas Hansson
Last Minutes Defensive
Center Left Wing Right Wing Defense Defense
Quinton Howden Valentin Zykov Jerry D'Amigo Griffin Reinhart Niklas Hansson
Goaltenders
Starting : Carter Hutton
Backup : Igor Bobkov
Extra Forwards
Normal : Kirill Kaprizov, Valentin Zykov, Clayton Keller - PP : Kirill Kaprizov, Valentin Zykov - PK : Kirill Kaprizov
Extra Defensemen
Normal : John Draeger, Niklas Hansson, Griffin Reinhart - PP : Viktor Baldayev - PK : Viktor Baldayev, Jake Walman
Penalty Shots
Tanner Laczynski, Tom Kuhnhackl, Quinton Howden, Elias Lindholm, Kirill Kaprizov
Scratches
Connor Honey (Healthy), Dmytro Timashov (Healthy), Kyle Platzer (Healthy), Lukas Vejdemo (Healthy), Michael McCarron (Healthy)
Michal Jordan (Strained Right Knee Injury), Nelson Nogier (Healthy), Nicklas Jensen (Healthy), Calvin Thurkauf (Healthy), Artur Kayumov (Healthy)
Niklas Treutle (Healthy), Artyom Zagidulin (Healthy)
Bears
5 vs 5 Forward
Center Left Wing Right Wing Time % Phy DF OF
1 Angelo Esposito Mike Hoffman Nick Schmaltz 40 1 2 2
2 Zach Stepan Jamie McGinn Jake Virtanen 30 1 2 2
3 Trent Frederic Brendan Perlini Austin Wuthrich 20 1 2 2
4 Colby Cave Nikolay Prokhorkin Colton Sceviour 10 1 2 2
5 vs 5 Defense
Defense Defense Time % Phy DF OF
1 Joey Laleggia Taylor Aronson 40 1 2 2
2 Mikko Vainonen Derek Forbort 30 1 2 2
3 Gianluca Curcuruto Tommy Vannelli 20 1 2 2
4 Michael Prapavessis Emil Johansson 10 1 2 2
PowerPlay Forward
Center Left Wing Right Wing Time % Phy DF OF
1 Angelo Esposito Mike Hoffman Nick Schmaltz 60 1 2 2
2 Zach Stepan Jamie McGinn Jake Virtanen 40 1 2 2
PowerPlay Defense
Defense Defense Time % Phy DF OF
1 Joey Laleggia Taylor Aronson 60 1 2 2
2 Mikko Vainonen Derek Forbort 40 1 2 2
Penalty Kill 4 Players Forward
Center Wing Time % Phy DF OF
1 Nick Schmaltz Jake Virtanen 60 1 2 2
2 Mike Hoffman Jamie McGinn 40 1 2 2
Penalty Kill 4 Players Defense
Defense Defense Time % Phy DF OF
1 Joey Laleggia Taylor Aronson 60 1 2 2
2 Mikko Vainonen Derek Forbort 40 1 2 2
Penalty Kill - 3 Players Forward
Forward Time % Phy DF OF
1 Nick Schmaltz 60 1 2 2
2 Jake Virtanen 40 1 2 2
Penalty Kill - 3 Players Defense
Defense Defense Time % Phy DF OF
1 Joey Laleggia Taylor Aronson 60 1 2 2
2 Mikko Vainonen Derek Forbort 40 1 2 2
4 vs 4 Forward
Center Wing Time % Phy DF OF
1 Nick Schmaltz Jake Virtanen 60 1 2 2
2 Mike Hoffman Jamie McGinn 40 1 2 2
4 vs 4 Defense
Defense Defense Time % Phy DF OF
1 Joey Laleggia Taylor Aronson 60 1 2 2
2 Mikko Vainonen Derek Forbort 40 1 2 2
Last Minutes Offensive
Center Left Wing Right Wing Defense Defense
Angelo Esposito Mike Hoffman Nick Schmaltz Joey Laleggia Taylor Aronson
Last Minutes Defensive
Center Left Wing Right Wing Defense Defense
Angelo Esposito Mike Hoffman Nick Schmaltz Joey Laleggia Taylor Aronson
Goaltenders
Starting : Jake Allen
Backup : Joni Ortio
Extra Forwards
Normal : Logan O'Connor, Brett Bulmer, Brendan Perlini - PP : Logan O'Connor, Brett Bulmer - PK : Brendan Perlini
Extra Defensemen
Normal : Ryan Graves, Caleb Jones, Gianluca Curcuruto - PP : Ryan Graves - PK : Caleb Jones, Gianluca Curcuruto
Penalty Shots
Nick Schmaltz, Jake Virtanen, Mike Hoffman, Jamie McGinn, Brendan Perlini
Scratches
Jakob Lilja (Healthy), Jesper Pettersson (Healthy), Kerby Rychel (Sports Hernia Injury), Mackenze Stewart (Healthy), Vincent Dunn (Healthy)
Warren Foegele (Healthy), Jakob Stenqvist (Healthy), Arvid Henrikson (Healthy)
% Time on Ice - Thunderbirds
Lines # - Real PCT - Wanted PCT - Time Play
Normal Forward
1 - 36% - 40% - 19:32
2 - 30% - 30% - 16:07
3 - 19% - 20% - 10:24
4 - 15% - 10% - 7:51
Normal Defense
1 - 36% - 40% - 19:15
2 - 32% - 30% - 17:18
3 - 25% - 20% - 13:43
4 - 7% - 10% - 3:38
PP Forward
1 - 100% - 60% - 0:19
2 - 0% - 40% - 0:00
PP Defense
1 - 84% - 60% - 0:16
2 - 16% - 40% - 0:03
PK Forward
1 - 78% - 60% - 4:32
2 - 22% - 40% - 1:15
PK Defense
1 - 74% - 60% - 4:17
2 - 26% - 40% - 1:30
PK3 Forward
1 - 0% - 60%
2 - 0% - 40%
PK3 Defense
1 - 0% - 60%
2 - 0% - 40%
44 Forward
1 - 93% - 60% - 4:40
2 - 7% - 40% - 0:20
44 Defense
1 - 63% - 60% - 3:10
2 - 37% - 40% - 1:50
Last Minute Offensive - 0:00
Last Minute Defensive - 0:00
Total
Forward - 65:00
Defense - 65:00
|
% Time on Ice - Bears
Lines # - Real PCT - Wanted PCT - Time Play
Normal Forward
1 - 34% - 40% - 18:26
2 - 29% - 30% - 15:36
3 - 20% - 20% - 10:51
4 - 17% - 10% - 9:01
Normal Defense
1 - 39% - 40% - 21:16
2 - 30% - 30% - 16:19
3 - 20% - 20% - 11:00
4 - 10% - 10% - 5:19
PP Forward
1 - 63% - 60% - 3:37
2 - 37% - 40% - 2:10
PP Defense
1 - 65% - 60% - 3:47
2 - 35% - 40% - 2:00
PK Forward
1 - 100% - 60% - 0:19
2 - 0% - 40% - 0:00
PK Defense
1 - 100% - 60% - 0:19
2 - 0% - 40% - 0:00
PK3 Forward
1 - 0% - 60%
2 - 0% - 40%
PK3 Defense
1 - 0% - 60%
2 - 0% - 40%
44 Forward
1 - 77% - 60% - 3:50
2 - 23% - 40% - 1:10
44 Defense
1 - 65% - 60% - 3:14
2 - 35% - 40% - 1:46
Last Minute Offensive - 0:00
Last Minute Defensive - 0:00
Total
Forward - 65:00
Defense - 65:00
|
Play-by-Play
1st period
0:01 of 1st period - Quinton Howden wins face-off versus Angelo Esposito in neutral zone.
0:35 of 1st period - Wrist shot by Nick Schmaltz.
0:35 of 1st period - Shot Blocked by Niklas Hansson.
0:55 of 1st period - Wrist shot by Valentin Zykov.
0:55 of 1st period - Stopped by Jake Allen with a rebound.
1:05 of 1st period - Snap shot by Quinton Howden.
1:05 of 1st period - Stopped by Jake Allen with a rebound.
1:15 of 1st period - Snap shot by Valentin Zykov.
1:15 of 1st period - Deflect By Quinton Howden.
1:15 of 1st period - Shot Blocked by Joey Laleggia.
1:15 of 1st period - Puck is out of play.
1:16 of 1st period - Zach Stepan wins face-off versus Elias Lindholm in Bears zone.
1:38 of 1st period - Icing by Mikko Vainonen.
1:39 of 1st period - Trent Frederic wins face-off versus Mitchell Heard in Bears zone.
2:10 of 1st period - Wrist shot by Tom Kuhnhackl.
2:10 of 1st period - Shot Misses the Net.
2:34 of 1st period - Snap shot by Colby Cave.
2:34 of 1st period - Shot Misses the Net.
3:22 of 1st period - Snap shot by Quinton Howden.
3:22 of 1st period - Stopped by Jake Allen without a rebound.
3:23 of 1st period - Valentin Zykov wins face-off versus Trent Frederic in Bears zone.
3:26 of 1st period - Snap shot by Valentin Zykov.
3:26 of 1st period - Shot Blocked by Mikko Vainonen.
3:28 of 1st period - Slapshot by John Draeger.
3:28 of 1st period - Stopped by Jake Allen without a rebound.
3:29 of 1st period - Elias Lindholm wins face-off versus Trent Frederic in Bears zone.
3:34 of 1st period - Wrist shot by Elias Lindholm.
3:34 of 1st period - Stopped by Jake Allen with a rebound.
3:36 of 1st period - Snap shot by Kirill Kaprizov.
3:36 of 1st period - Shot Blocked by Derek Forbort.
3:38 of 1st period - Wrist shot by Tom Kuhnhackl.
3:38 of 1st period - Shot Misses the Net.
3:40 of 1st period - Slapshot by Kirill Kaprizov.
3:40 of 1st period - Stopped by Jake Allen without a rebound.
3:41 of 1st period - Zach Stepan wins face-off versus Elias Lindholm in Bears zone.
4:52 of 1st period - Gianluca Curcuruto is hit by John Draeger and loses puck.
5:39 of 1st period - Slapshot by Niklas Hansson.
5:39 of 1st period - Stopped by Jake Allen without a rebound.
5:40 of 1st period - Angelo Esposito wins face-off versus Quinton Howden in Bears zone.
5:42 of 1st period - Minor Penalty to Derek Forbort for Interference.
5:43 of 1st period - Quinton Howden wins face-off versus Nick Schmaltz in Bears zone.
5:45 of 1st period - Slapshot by Jerry D'Amigo.
5:45 of 1st period - Goal by Jerry D'Amigo - Thunderbirds : 1 - Bears : 0.
5:46 of 1st period - Quinton Howden wins face-off versus Angelo Esposito in neutral zone.
5:57 of 1st period - Wrist shot by Mike Hoffman.
5:57 of 1st period - Shot Misses the Net.
6:19 of 1st period - Slapshot by Hudson Fasching.
6:19 of 1st period - Shot Misses the Net.
6:34 of 1st period - Icing by Mitchell Heard.
6:35 of 1st period - Mitchell Heard wins face-off versus Angelo Esposito in Thunderbirds zone.
6:46 of 1st period - Viktor Baldayev is hit by Angelo Esposito and loses puck.
6:51 of 1st period - Snap shot by Mike Hoffman.
6:51 of 1st period - Shot Blocked by Mitchell Heard.
7:05 of 1st period - Snap shot by Quinton Howden.
7:05 of 1st period - Shot Blocked by Austin Wuthrich.
7:07 of 1st period - Snap shot by Valentin Zykov.
7:07 of 1st period - Deflect By Quinton Howden.
7:07 of 1st period - Stopped by Jake Allen with a rebound.
7:50 of 1st period - Slapshot by Jake Virtanen.
7:50 of 1st period - Stopped by Carter Hutton with a rebound.
8:26 of 1st period - Elias Lindholm is hit by Mike Hoffman and loses puck.
9:19 of 1st period - Snap shot by Brendan Perlini.
9:19 of 1st period - Stopped by Carter Hutton without a rebound.
9:20 of 1st period - Angelo Esposito wins face-off versus Quinton Howden in Thunderbirds zone.
9:30 of 1st period - Minor Penalty to Valentin Zykov for Hooking.
9:31 of 1st period - Quinton Howden wins face-off versus Angelo Esposito in Thunderbirds zone.
9:39 of 1st period - Niklas Hansson is hit by Mike Hoffman and loses puck.
11:24 of 1st period - Jake Virtanen is hit by Viktor Baldayev and loses puck.
11:30 of 1st period - Penalty to Valentin Zykov is over, Valentin Zykov is back on ice.
11:41 of 1st period - Backhand shot by Elias Lindholm.
11:41 of 1st period - Shot Misses the Net.
11:43 of 1st period - Slapshot by John Draeger.
11:43 of 1st period - Stopped by Jake Allen with a rebound.
12:21 of 1st period - Wrist shot by Tom Kuhnhackl.
12:21 of 1st period - Deflect By Elias Lindholm.
12:21 of 1st period - Goal by Elias Lindholm - Thunderbirds : 2 - Bears : 0.
12:22 of 1st period - Mitchell Heard wins face-off versus Angelo Esposito in neutral zone.
12:25 of 1st period - Wrist shot by Griffin Reinhart.
12:25 of 1st period - Stopped by Jake Allen without a rebound.
12:26 of 1st period - Mitchell Heard wins face-off versus Angelo Esposito in Bears zone.
13:08 of 1st period - Off-side.
13:09 of 1st period - Quinton Howden wins face-off versus Jamie McGinn in neutral zone.
14:24 of 1st period - Slapshot by Griffin Reinhart.
14:24 of 1st period - Stopped by Jake Allen without a rebound.
14:25 of 1st period - Zach Stepan wins face-off versus Quinton Howden in Bears zone.
14:41 of 1st period - Icing by Zach Stepan.
14:42 of 1st period - Zach Stepan wins face-off versus Elias Lindholm in Bears zone.
15:16 of 1st period - Wrist shot by Jake Virtanen.
15:16 of 1st period - Stopped by Carter Hutton with a rebound.
15:18 of 1st period - Slapshot by Derek Forbort.
15:18 of 1st period - Deflect By Jamie McGinn.
15:18 of 1st period - Stopped by Carter Hutton with a rebound.
15:20 of 1st period - Snap shot by Mikko Vainonen.
15:20 of 1st period - Stopped by Carter Hutton with a rebound.
15:22 of 1st period - Slapshot by Derek Forbort.
15:22 of 1st period - Shot Misses the Net.
15:24 of 1st period - Snap shot by Mikko Vainonen.
15:24 of 1st period - Deflect By Griffin Reinhart.
15:24 of 1st period - Stopped by Carter Hutton with a rebound.
15:26 of 1st period - Slapshot by Jamie McGinn.
15:26 of 1st period - Shot Blocked by Griffin Reinhart.
15:28 of 1st period - Wrist shot by Jamie McGinn.
15:28 of 1st period - Stopped by Carter Hutton without a rebound.
15:29 of 1st period - Quinton Howden wins face-off versus Angelo Esposito in Thunderbirds zone.
15:31 of 1st period - Minor Penalty to Viktor Baldayev for Roughing.
15:32 of 1st period - Nick Schmaltz wins face-off versus Quinton Howden in Thunderbirds zone.
16:02 of 1st period - Snap shot by Jamie McGinn.
16:02 of 1st period - Goal by Jamie McGinn - Thunderbirds : 2 - Bears : 1.
16:03 of 1st period - Angelo Esposito wins face-off versus Quinton Howden in neutral zone.
16:41 of 1st period - Slapshot by Kirill Kaprizov.
16:41 of 1st period - Shot Misses the Net.
16:51 of 1st period - Viktor Baldayev is hit by Jamie McGinn and loses puck.
18:15 of 1st period - Wrist shot by Jake Virtanen.
18:15 of 1st period - Goal by Jake Virtanen - Thunderbirds : 2 - Bears : 2.
18:16 of 1st period - Angelo Esposito wins face-off versus Jerry D'Amigo in neutral zone.
18:27 of 1st period - Slapshot by Quinton Howden.
18:27 of 1st period - Stopped by Jake Allen with a rebound.
18:29 of 1st period - Snap shot by Valentin Zykov.
18:29 of 1st period - Stopped by Jake Allen without a rebound.
18:30 of 1st period - Angelo Esposito wins face-off versus Quinton Howden in Bears zone.
19:32 of 1st period - Slapshot by Jerry D'Amigo.
19:32 of 1st period - Goal by Jerry D'Amigo - Thunderbirds : 3 - Bears : 2.
19:33 of 1st period - Elias Lindholm wins face-off versus Angelo Esposito in neutral zone.
Goals for this period are 3 for Thunderbirds vs 2 for Bears.
Shots for this period are 16 for Thunderbirds vs 9 for Bears.
2nd period
0:01 of 2nd period - Angelo Esposito wins face-off versus Valentin Zykov in neutral zone.
0:16 of 2nd period - Snap shot by Nick Schmaltz.
0:16 of 2nd period - Stopped by Carter Hutton with a rebound.
0:31 of 2nd period - Griffin Reinhart is hit by Jake Virtanen and loses puck.
1:06 of 2nd period - Wrist shot by Brendan Perlini.
1:06 of 2nd period - Stopped by Carter Hutton without a rebound.
1:07 of 2nd period - Tanner Laczynski wins face-off versus Trent Frederic in Thunderbirds zone.
1:07 of 2nd period - Tanner Laczynski is hit by Brendan Perlini.
1:43 of 2nd period - Snap shot by Taylor Aronson.
1:43 of 2nd period - Shot Misses the Net.
2:05 of 2nd period - Snap shot by Kirill Kaprizov.
2:05 of 2nd period - Stopped by Jake Allen with a rebound.
2:50 of 2nd period - Wrist shot by Nick Schmaltz.
2:50 of 2nd period - Stopped by Carter Hutton without a rebound.
2:51 of 2nd period - Angelo Esposito wins face-off versus Quinton Howden in Thunderbirds zone.
2:58 of 2nd period - Wrist shot by Angelo Esposito.
2:58 of 2nd period - Shot Misses the Net.
3:17 of 2nd period - Tom Kuhnhackl is hit by Jamie McGinn and loses puck.
4:02 of 2nd period - Snap shot by Nikolay Prokhorkin.
4:02 of 2nd period - Shot Misses the Net.
4:04 of 2nd period - Wrist shot by Colton Sceviour.
4:04 of 2nd period - Shot Misses the Net.
4:06 of 2nd period - Snap shot by Nikolay Prokhorkin.
4:06 of 2nd period - Shot Misses the Net.
4:08 of 2nd period - Snap shot by Colby Cave.
4:08 of 2nd period - Shot Misses the Net.
4:16 of 2nd period - Niklas Hansson is hit by Colby Cave.
4:32 of 2nd period - Off-side.
4:33 of 2nd period - Mike Hoffman wins face-off versus Quinton Howden in neutral zone.
5:05 of 2nd period - Slapshot by Jake Virtanen.
5:05 of 2nd period - Deflect By Jamie McGinn.
5:05 of 2nd period - Goal by Jamie McGinn - Thunderbirds : 3 - Bears : 3.
5:06 of 2nd period - Quinton Howden wins face-off versus Angelo Esposito in neutral zone.
5:11 of 2nd period - Slapshot by Valentin Zykov.
5:11 of 2nd period - Shot Hit the Post.
5:22 of 2nd period - Snap shot by Valentin Zykov.
5:22 of 2nd period - Shot Blocked by Angelo Esposito.
5:43 of 2nd period - Wrist shot by Jamie McGinn.
5:43 of 2nd period - Goal by Jamie McGinn - Thunderbirds : 3 - Bears : 4.
5:44 of 2nd period - Angelo Esposito wins face-off versus Quinton Howden in neutral zone.
5:59 of 2nd period - Snap shot by Jerry D'Amigo.
5:59 of 2nd period - Goal by Jerry D'Amigo - Thunderbirds : 4 - Bears : 4.
6:00 of 2nd period - Jerry D'Amigo wins face-off versus Angelo Esposito in neutral zone.
6:03 of 2nd period - Slapshot by Griffin Reinhart.
6:03 of 2nd period - Shot Misses the Net.
7:32 of 2nd period - Colby Cave is hit by Kirill Kaprizov and loses puck.
7:41 of 2nd period - Snap shot by Elias Lindholm.
7:41 of 2nd period - Deflect By Kirill Kaprizov.
7:41 of 2nd period - Shot Misses the Net.
7:41 of 2nd period - Puck is out of play.
7:42 of 2nd period - Angelo Esposito wins face-off versus Jerry D'Amigo in Bears zone.
7:51 of 2nd period - Wrist shot by Nick Schmaltz.
7:51 of 2nd period - Stopped by Carter Hutton with a rebound.
7:53 of 2nd period - Snap shot by Mike Hoffman.
7:53 of 2nd period - Stopped by Carter Hutton without a rebound.
7:54 of 2nd period - Angelo Esposito wins face-off versus Valentin Zykov in Thunderbirds zone.
7:57 of 2nd period - Slapshot by Nick Schmaltz.
7:57 of 2nd period - Deflect By Angelo Esposito.
7:57 of 2nd period - Shot Misses the Net.
7:57 of 2nd period - Puck is out of play.
7:58 of 2nd period - Angelo Esposito wins face-off versus Quinton Howden in Thunderbirds zone.
8:26 of 2nd period - Slapshot by Griffin Reinhart.
8:26 of 2nd period - Stopped by Jake Allen with a rebound.
8:28 of 2nd period - Snap shot by Kirill Kaprizov.
8:28 of 2nd period - Stopped by Jake Allen with a rebound.
8:30 of 2nd period - Wrist shot by Kirill Kaprizov.
8:30 of 2nd period - Goal by Kirill Kaprizov - Thunderbirds : 5 - Bears : 4.
8:31 of 2nd period - Angelo Esposito wins face-off versus Quinton Howden in neutral zone.
8:42 of 2nd period - Snap shot by Mike Hoffman.
8:42 of 2nd period - Goal by Mike Hoffman - Thunderbirds : 5 - Bears : 5.
8:43 of 2nd period - Quinton Howden wins face-off versus Angelo Esposito in neutral zone.
8:45 of 2nd period - Off-side.
8:46 of 2nd period - Angelo Esposito wins face-off versus Quinton Howden in neutral zone.
8:49 of 2nd period - Wrist shot by Mike Hoffman.
8:49 of 2nd period - Deflect By Nick Schmaltz.
8:49 of 2nd period - Shot Blocked by Griffin Reinhart.
8:49 of 2nd period - Puck is out of play.
8:50 of 2nd period - Quinton Howden wins face-off versus Angelo Esposito in Thunderbirds zone.
9:21 of 2nd period - Wrist shot by Jake Virtanen.
9:21 of 2nd period - Stopped by Carter Hutton without a rebound.
9:22 of 2nd period - Quinton Howden wins face-off versus Zach Stepan in Thunderbirds zone.
9:27 of 2nd period - Snap shot by John Draeger.
9:27 of 2nd period - Stopped by Jake Allen without a rebound.
9:28 of 2nd period - Quinton Howden wins face-off versus Zach Stepan in Bears zone.
9:41 of 2nd period - Slapshot by Taylor Aronson.
9:41 of 2nd period - Shot Blocked by John Draeger.
9:43 of 2nd period - Slapshot by Taylor Aronson.
9:43 of 2nd period - Shot Blocked by John Draeger.
11:11 of 2nd period - Wrist shot by Tom Kuhnhackl.
11:11 of 2nd period - Shot Misses the Net.
11:17 of 2nd period - Snap shot by Kirill Kaprizov.
11:17 of 2nd period - Shot Misses the Net.
11:27 of 2nd period - Wrist shot by Elias Lindholm.
11:27 of 2nd period - Deflect By Tom Kuhnhackl.
11:27 of 2nd period - Stopped by Jake Allen with a rebound.
11:29 of 2nd period - Backhand shot by John Draeger.
11:29 of 2nd period - Stopped by Jake Allen with a rebound.
11:31 of 2nd period - Snap shot by Elias Lindholm.
11:31 of 2nd period - Shot Misses the Net.
11:35 of 2nd period - Snap shot by Kirill Kaprizov.
11:35 of 2nd period - Shot Blocked by Mikko Vainonen.
12:25 of 2nd period - Snap shot by Tom Kuhnhackl.
12:25 of 2nd period - Shot Misses the Net.
12:27 of 2nd period - Slapshot by Viktor Baldayev.
12:27 of 2nd period - Stopped by Jake Allen with a rebound.
12:29 of 2nd period - Snap shot by Kirill Kaprizov.
12:29 of 2nd period - Stopped by Jake Allen without a rebound.
12:30 of 2nd period - Quinton Howden wins face-off versus Angelo Esposito in Bears zone.
12:55 of 2nd period - Joey Laleggia is hit by Hudson Fasching.
13:01 of 2nd period - Wrist shot by Jamie McGinn.
13:01 of 2nd period - Stopped by Carter Hutton with a rebound.
13:03 of 2nd period - Wrist shot by Jake Virtanen.
13:03 of 2nd period - Stopped by Carter Hutton with a rebound.
13:05 of 2nd period - Snap shot by Zach Stepan.
13:05 of 2nd period - Stopped by Carter Hutton with a rebound.
13:25 of 2nd period - Brendan Perlini is hit by Tanner Laczynski and loses puck.
14:02 of 2nd period - Slapshot by Zach Stepan.
14:02 of 2nd period - Stopped by Carter Hutton without a rebound.
14:03 of 2nd period - Quinton Howden wins face-off versus Trent Frederic in Thunderbirds zone.
14:59 of 2nd period - Slapshot by Jake Virtanen.
14:59 of 2nd period - Stopped by Carter Hutton without a rebound.
15:00 of 2nd period - Quinton Howden wins face-off versus Angelo Esposito in Thunderbirds zone.
15:05 of 2nd period - Slapshot by Nick Schmaltz.
15:05 of 2nd period - Stopped by Carter Hutton without a rebound.
15:06 of 2nd period - Angelo Esposito wins face-off versus Quinton Howden in Thunderbirds zone.
15:09 of 2nd period - Snap shot by Nick Schmaltz.
15:09 of 2nd period - Stopped by Carter Hutton with a rebound.
15:11 of 2nd period - Snap shot by Nick Schmaltz.
15:11 of 2nd period - Stopped by Carter Hutton with a rebound.
15:13 of 2nd period - Snap shot by Michael Prapavessis.
15:13 of 2nd period - Shot Misses the Net.
15:15 of 2nd period - Snap shot by Nick Schmaltz.
15:15 of 2nd period - Deflect By Angelo Esposito.
15:15 of 2nd period - Stopped by Carter Hutton without a rebound.
15:16 of 2nd period - Quinton Howden wins face-off versus Angelo Esposito in Thunderbirds zone.
15:41 of 2nd period - Joey Laleggia is hit by Niklas Hansson and loses puck.
16:00 of 2nd period - Minor Penalty to Austin Wuthrich for Hooking.
16:01 of 2nd period - Quinton Howden wins face-off versus Nick Schmaltz in Bears zone.
16:12 of 2nd period - Wrist shot by Valentin Zykov.
16:12 of 2nd period - Stopped by Jake Allen with a rebound.
16:14 of 2nd period - Slapshot by Niklas Hansson.
16:14 of 2nd period - Stopped by Jake Allen with a rebound.
16:16 of 2nd period - Slapshot by John Draeger.
16:16 of 2nd period - Goal by John Draeger - Thunderbirds : 6 - Bears : 5.
16:17 of 2nd period - Quinton Howden wins face-off versus Angelo Esposito in neutral zone.
16:42 of 2nd period - Niklas Hansson is hit by Zach Stepan.
16:54 of 2nd period - Slapshot by Zach Stepan.
16:54 of 2nd period - Stopped by Carter Hutton without a rebound.
16:55 of 2nd period - Trent Frederic wins face-off versus Quinton Howden in Thunderbirds zone.
17:26 of 2nd period - Snap shot by Jake Virtanen.
17:26 of 2nd period - Shot Blocked by Jerry D'Amigo.
17:28 of 2nd period - Slapshot by Joey Laleggia.
17:28 of 2nd period - Shot Misses the Net.
17:30 of 2nd period - Slapshot by Joey Laleggia.
17:30 of 2nd period - Deflect By Valentin Zykov.
17:30 of 2nd period - Stopped by Carter Hutton with a rebound.
17:32 of 2nd period - Wrist shot by Joey Laleggia.
17:32 of 2nd period - Shot Blocked by Keaton Thompson.
17:34 of 2nd period - Snap shot by Jake Virtanen.
17:34 of 2nd period - Goal by Jake Virtanen - Thunderbirds : 6 - Bears : 6.
17:35 of 2nd period - Elias Lindholm wins face-off versus Angelo Esposito in neutral zone.
17:42 of 2nd period - Snap shot by Kirill Kaprizov.
17:42 of 2nd period - Stopped by Jake Allen without a rebound.
17:43 of 2nd period - Angelo Esposito wins face-off versus Kirill Kaprizov in Bears zone.
18:03 of 2nd period - Wrist shot by Griffin Reinhart.
18:03 of 2nd period - Stopped by Jake Allen with a rebound.
18:05 of 2nd period - Slapshot by Niklas Hansson.
18:05 of 2nd period - Deflect By Kirill Kaprizov.
18:05 of 2nd period - Goal by Kirill Kaprizov - Thunderbirds : 7 - Bears : 6.
18:06 of 2nd period - Quinton Howden wins face-off versus Angelo Esposito in neutral zone.
18:12 of 2nd period - Slapshot by Griffin Reinhart.
18:12 of 2nd period - Shot Blocked by Derek Forbort.
18:14 of 2nd period - Slapshot by Griffin Reinhart.
18:14 of 2nd period - Deflect By Nick Schmaltz.
18:14 of 2nd period - Stopped by Jake Allen with a rebound.
18:54 of 2nd period - Slapshot by Niklas Hansson.
18:54 of 2nd period - Stopped by Jake Allen with a rebound.
19:00 of 2nd period - Slapshot by Taylor Aronson.
19:00 of 2nd period - Stopped by Carter Hutton with a rebound.
19:02 of 2nd period - Snap shot by Trent Frederic.
19:02 of 2nd period - Shot Blocked by Griffin Reinhart.
19:04 of 2nd period - Snap shot by Trent Frederic.
19:04 of 2nd period - Shot Hit the Post.
Goals for this period are 4 for Thunderbirds vs 4 for Bears.
Shots for this period are 18 for Thunderbirds vs 22 for Bears.
3rd period
0:01 of 3rd period - Mike Hoffman wins face-off versus Quinton Howden in neutral zone.
0:26 of 3rd period - Jamie McGinn is hit by Matt Puempel and loses puck.
1:07 of 3rd period - John Draeger is hit by Austin Wuthrich and loses puck.
1:39 of 3rd period - Minor Penalty to Quinton Howden for Hooking.
1:40 of 3rd period - Kirill Kaprizov wins face-off versus Angelo Esposito in Thunderbirds zone.
1:49 of 3rd period - Off-side.
1:50 of 3rd period - Angelo Esposito wins face-off versus Kirill Kaprizov in neutral zone.
2:27 of 3rd period - Slapshot by Mike Hoffman.
2:27 of 3rd period - Stopped by Carter Hutton with a rebound.
2:57 of 3rd period - Wrist shot by Mike Hoffman.
2:57 of 3rd period - Goal by Mike Hoffman - Thunderbirds : 7 - Bears : 7.
2:58 of 3rd period - Zach Stepan wins face-off versus Mitchell Heard in neutral zone.
3:38 of 3rd period - Slapshot by Zach Stepan.
3:38 of 3rd period - Stopped by Carter Hutton with a rebound.
4:03 of 3rd period - Off-side.
4:04 of 3rd period - Valentin Zykov wins face-off versus Trent Frederic in neutral zone.
4:09 of 3rd period - Joey Laleggia is hit by Quinton Howden and loses puck.
4:30 of 3rd period - Kirill Kaprizov is hit by Nick Schmaltz.
4:34 of 3rd period - Angelo Esposito is hit by Tom Kuhnhackl and loses puck.
5:02 of 3rd period - Snap shot by Colton Sceviour.
5:02 of 3rd period - Stopped by Carter Hutton with a rebound.
5:04 of 3rd period - Slapshot by Taylor Aronson.
5:04 of 3rd period - Shot Blocked by Mitchell Heard.
5:48 of 3rd period - Snap shot by Niklas Hansson.
5:48 of 3rd period - Stopped by Jake Allen with a rebound.
6:36 of 3rd period - Gianluca Curcuruto is hit by Roberts Lipsbergs and loses puck.
6:53 of 3rd period - Wrist shot by Tom Kuhnhackl.
6:53 of 3rd period - Stopped by Jake Allen without a rebound.
6:54 of 3rd period - Zach Stepan wins face-off versus Elias Lindholm in Bears zone.
7:09 of 3rd period - Joey Laleggia is hit by Tom Kuhnhackl and loses puck.
7:16 of 3rd period - Zach Stepan is hit by Tom Kuhnhackl and loses puck.
7:33 of 3rd period - Wrist shot by Jamie McGinn.
7:33 of 3rd period - Stopped by Carter Hutton with a rebound.
7:35 of 3rd period - Snap shot by Zach Stepan.
7:35 of 3rd period - Shot Blocked by Keaton Thompson.
7:37 of 3rd period - Snap shot by Jamie McGinn.
7:37 of 3rd period - Stopped by Carter Hutton with a rebound.
7:43 of 3rd period - Slapshot by Jake Virtanen.
7:43 of 3rd period - Shot Misses the Net.
8:13 of 3rd period - Wrist shot by Jamie McGinn.
8:13 of 3rd period - Stopped by Carter Hutton without a rebound.
8:14 of 3rd period - Angelo Esposito wins face-off versus Quinton Howden in Thunderbirds zone.
8:15 of 3rd period - Snap shot by Mike Hoffman.
8:15 of 3rd period - Shot Misses the Net.
8:17 of 3rd period - Snap shot by Joey Laleggia.
8:17 of 3rd period - Goal by Joey Laleggia - Thunderbirds : 7 - Bears : 8.
8:18 of 3rd period - Quinton Howden wins face-off versus Angelo Esposito in neutral zone.
8:23 of 3rd period - Wrist shot by Valentin Zykov.
8:23 of 3rd period - Shot Blocked by Joey Laleggia.
8:25 of 3rd period - Wrist shot by Valentin Zykov.
8:25 of 3rd period - Goal by Valentin Zykov - Thunderbirds : 8 - Bears : 8.
8:26 of 3rd period - Angelo Esposito wins face-off versus Quinton Howden in neutral zone.
9:01 of 3rd period - Wrist shot by Austin Wuthrich.
9:01 of 3rd period - Shot Misses the Net.
9:42 of 3rd period - Wrist shot by Tom Kuhnhackl.
9:42 of 3rd period - Shot Misses the Net.
9:44 of 3rd period - Snap shot by Kirill Kaprizov.
9:44 of 3rd period - Shot Blocked by Nick Schmaltz.
9:52 of 3rd period - Slapshot by Tom Kuhnhackl.
9:52 of 3rd period - Stopped by Jake Allen with a rebound.
10:22 of 3rd period - Gianluca Curcuruto is hit by Matt Puempel and loses puck.
10:41 of 3rd period - Snap shot by Elias Lindholm.
10:41 of 3rd period - Stopped by Jake Allen without a rebound.
10:42 of 3rd period - Elias Lindholm wins face-off versus Zach Stepan in Bears zone.
10:49 of 3rd period - Wrist shot by Tom Kuhnhackl.
10:49 of 3rd period - Shot Misses the Net.
10:51 of 3rd period - Slapshot by Griffin Reinhart.
10:51 of 3rd period - Shot Blocked by Joey Laleggia.
11:31 of 3rd period - Wrist shot by Tanner Laczynski.
11:31 of 3rd period - Stopped by Jake Allen without a rebound.
11:32 of 3rd period - Zach Stepan wins face-off versus Tanner Laczynski in Bears zone.
12:20 of 3rd period - Snap shot by Mike Hoffman.
12:20 of 3rd period - Stopped by Carter Hutton without a rebound.
12:21 of 3rd period - Mitchell Heard wins face-off versus Angelo Esposito in Thunderbirds zone.
13:12 of 3rd period - Wrist shot by Kirill Kaprizov.
13:12 of 3rd period - Stopped by Jake Allen without a rebound.
13:13 of 3rd period - Quinton Howden wins face-off versus Angelo Esposito in Bears zone.
13:14 of 3rd period - Snap shot by Valentin Zykov.
13:14 of 3rd period - Stopped by Jake Allen without a rebound.
13:15 of 3rd period - Angelo Esposito wins face-off versus Quinton Howden in Bears zone.
13:40 of 3rd period - Kirill Kaprizov is hit by Jake Virtanen and loses puck.
14:33 of 3rd period - Jake Walman is hit by Taylor Aronson and loses puck.
15:07 of 3rd period - Minor Penalty to Mitchell Heard for Tripping.
15:08 of 3rd period - Angelo Esposito wins face-off versus Quinton Howden in Thunderbirds zone.
15:18 of 3rd period - Joey Laleggia is hit by Jerry D'Amigo and loses puck.
17:07 of 3rd period - Penalty to Mitchell Heard is over, Mitchell Heard is back on ice.
17:37 of 3rd period - Snap shot by Tanner Laczynski.
17:37 of 3rd period - Stopped by Jake Allen with a rebound.
18:48 of 3rd period - Icing by Joey Laleggia.
18:49 of 3rd period - Elias Lindholm wins face-off versus Angelo Esposito in Bears zone.
18:56 of 3rd period - Snap shot by Mike Hoffman.
18:56 of 3rd period - Stopped by Carter Hutton with a rebound.
19:22 of 3rd period - Mitchell Heard is hit by Taylor Aronson and loses puck.
19:32 of 3rd period - Icing by Hudson Fasching.
19:33 of 3rd period - Logan O'Connor wins face-off versus Quinton Howden in Thunderbirds zone.
Goals for this period are 1 for Thunderbirds vs 2 for Bears.
Shots for this period are 9 for Thunderbirds vs 10 for Bears.
Overtime #1
0:01 of 1st overtime period - Quinton Howden wins face-off versus Jake Virtanen in neutral zone.
3:03 of 1st overtime period - Ryan Graves is hit by John Draeger.
3:41 of 1st overtime period - Mitchell Heard is hit by Taylor Aronson and loses puck.
3:52 of 1st overtime period - Jake Walman is hit by Derek Forbort and loses puck.
Goals for this period are 0 for Thunderbirds vs 0 for Bears.
Shots for this period are 0 for Thunderbirds vs 0 for Bears.
ShootOut
5:00 of 1st overtime period - Round #1.
5:00 of 1st overtime period - Thunderbirds, Tanner Laczynski.
5:00 of 1st overtime period - Wrist shot by Tanner Laczynski.
5:00 of 1st overtime period - Goal by Tanner Laczynski.
5:00 of 1st overtime period - Bears, Nick Schmaltz.
5:00 of 1st overtime period - Snap shot by Nick Schmaltz.
5:00 of 1st overtime period - Stopped by Carter Hutton.
5:00 of 1st overtime period - Round #2.
5:00 of 1st overtime period - Thunderbirds, Tom Kuhnhackl.
5:00 of 1st overtime period - Deke by Tom Kuhnhackl.
5:00 of 1st overtime period - Goal by Tom Kuhnhackl.
5:00 of 1st overtime period - Bears, Jake Virtanen.
5:00 of 1st overtime period - Wrist shot by Jake Virtanen.
5:00 of 1st overtime period - Stopped by Carter Hutton.
5:00 of 1st overtime period - Round #3.